Map: Tours du crépuscule

Players

BlackWidowK

  • Race: Zerg Zerg
  • League: Platinum
  • Spawn Location: 7:00

zidar - Winner!

  • Race: Zerg Zerg
  • League: Gold
  • Spawn Location: 1:00

VOD

Have the link to the VOD?

Description

Time

  • Played on: June 18, 2016, 9:45 a.m.
  • Length: 5:51
Show
View Real Time Build Order
Export as new Build Order

BlackWidowK Zerg 

Build Orders: Hatch First 

Get SALT Encoding   

  12  0:01  Drone  
  13  0:13  Overlord  
  13  0:23  Drone  
  14  0:31  Overlord  
  14  0:33  Drone  
  15  0:56  Hatchery  
  14  1:00  Drone  
  14  1:01  Drone  
  16  1:05  Drone  
  17  1:21  Spawning Pool  
  16  1:30  Drone x2  
  18  1:34  Extractor  
  17  1:45  Drone x2  
  19  2:01  Drone  
  19  2:08  Queen  
  22  2:10  Drone  
  22  2:13  Roach Warren  
  22  2:17  Drone  
  22  2:18  Drone  
  22  2:21  Queen  
  26  2:40  Overlord, Extractor  
  25  2:58  Roach x5  
  35  3:14  Drone x3  
  35  3:19  Drone x3  
  41  3:20  Queen  
  43  3:33  Drone  
  44  3:34  Overlord  
  44  3:41  Lair  
  44  3:46  Overlord  
  44  3:55  Zergling x2  
  44  3:56  Zergling x8  
  31  4:24  Spine Crawler  
  24  4:25  Drone x5  
  24  4:26  Drone  
  20  4:49  Drone  
  20  4:50  Drone x4  
  25  4:59  Drone  
  27  5:00  Drone  
  27  5:11  Drone x2  
  27  5:13  Extractor  
  28  5:14  Extractor  
  28  5:18  Roach  
  28  5:26  Roach x2  
Show
View Real Time Build Order
Export as new Build Order

zidar Zerg - Winner!

Build Orders: Pool First 

Get SALT Encoding   

  12  0:01  Drone  
  13  0:13  Overlord  
  13  0:17  Drone  
  14  0:31  Drone x2  
  16  0:43  Spawning Pool  
  16  0:46  Drone  
  16  1:12  Hatchery  
  16  1:14  Drone  
  16  1:17  Extractor  
  15  1:20  Drone  
  16  1:31  Queen  
  18  1:36  Zergling x2  
  19  1:44  Zergling x2  
  20  1:50  Overlord  
  20  2:00  Zergling x2  
  20  2:01  Zergling x2  
  22  2:11  Queen  
  24  2:19  Metabolic Boost  
  24  2:30  Drone x2  
  26  2:53  Zergling x12  
  32  3:18  Overlord x2  
  32  3:20  Overlord  
  31  3:38  Drone x6  
  35  4:14  Zergling x2  
  35  4:15  Zergling x20  
  41  4:55  Spine Crawler  
  42  5:02  Zergling x12  
  48  5:11  Queen  
Tags
 
Add a new tag
Caveats
  • Supply blocks, unpowered buildings, or Contaminate may cause inaccurate times.
  • Supply counts are checked every 10 seconds.